 Dungeon Crawl Stone Soup version 0.29.0-4-gdea44cf6ec (webtiles) character file.

Game seed: 6797666468649456385

6186 Zeldest the Grappler (level 10, -5/102 HPs)
             Began as a Troll Fighter on Aug 27, 2022.
             Slain by a seven-headed hydra (12 damage)
             ... on level 1 of the Lair of Beasts.
             The game lasted 00:14:20 (6662 turns).

Zeldest the Grappler (Troll Fighter)                Turns: 6662, Time: 00:14:21

Health: -5/102     AC:  8    Str: 30    XL:     10   Next: 60%
Magic:  0/18       EV:  8    Int:  4    God:
Gold:   507        SH:  9    Dex:  9    Spells: 9/9 levels left

rFire   . . .      SeeInvis .     - Unarmed
rCold   + . .      Faith    .   Q - +2 kite shield {reflect}
rNeg    . . .      Spirit   +   O - +2 robe {rC+}
rPois   +          Reflect  +   (helmet restricted)
rElec   .          Harm     .   r - +1 cloak
rCorr   .          Rampage  .   (gloves unavailable)
Will    .....                   (boots unavailable)
Stlth   +.........              I - amulet of guardian spirit
HPRegen 1.07/turn               M - ring of poison resistance
MPRegen 0.16/turn               E - ring of magical power

@: no status effects
A: large, unfitting armour, claws 3, regeneration 1, shaggy fur 1, tough skin 1
a: no special abilities


You were on level 1 of the Lair of Beasts.
You visited 3 branches of the dungeon, and saw 12 of its levels.
You also visited: Sewer, Ossuary and Bailey.

You collected 507 gold pieces.

Inventory:

Missiles
 o - 19 boomerangs (quivered)
 C - 5 javelins
Armour
 r - a +1 cloak (worn)
 O - a +2 robe of cold resistance (worn)
 Q - a +2 kite shield of reflection (worn)
Jewellery
 k - an amulet of the acrobat
 p - a ring of see invisible
 w - a ring of fire
 D - a ring of willpower
 E - a ring of magical power (right claw)
 I - an amulet of guardian spirit (around neck)
 M - a ring of poison resistance (left claw)
Wands
 q - a wand of roots (14)
 t - a wand of mindburst (15)
 J - a wand of acid (9)
 K - a wand of paralysis (9)
Scrolls
 d - a scroll of enchant armour {unknown}
 f - 4 scrolls of blinking {unknown}
 g - 4 scrolls of teleportation
 i - 11 scrolls of identify {unknown}
 n - 3 scrolls of fog {unknown}
 x - 3 scrolls of noise {unknown}
 y - 3 scrolls of silence {unknown}
 F - a scroll of brand weapon {unknown}
 L - a scroll of poison {unknown}
 N - a scroll of enchant weapon {unknown}
 P - a scroll of summoning {unknown}
Potions
 c - 2 potions of might
 e - 3 potions of haste {unknown}
 h - 8 potions of curing {unknown}
 j - 2 potions of ambrosia {unknown}
 l - 2 potions of lignification {unknown}
 m - 9 potions of flight
 s - 2 potions of degeneration {unknown}
 u - 2 potions of mutation {unknown}
 v - a potion of cancellation {unknown}
 z - a potion of brilliance {unknown}
 A - a potion of resistance {unknown}
 B - a potion of berserk rage {unknown}
 G - a potion of attraction {unknown}
 H - a potion of magic {unknown}


   Skills:
 + Level 7.2 Fighting
 + Level 6.9 Throwing
 - Level 2.4 Dodging
 - Level 3.5 Shields
 * Level 11.6 Unarmed Combat


You had 9 spell levels left.
You didn't know any spells.
Your spell library contained the following spells:

 Spells                   Type           Power      Damage    Failure   Level
 Summon Small Mammal      Summ           0%         N/A       80%         1
 Call Canine Familiar     Summ           0%         N/A       99%         3
 Summon Guardian Golem    Hex/Summ       0%         N/A       99%         3
 Tukima's Dance           Hex            0%         N/A       99%         3
 Airstrike                Air            0%         2d(0-16)  100%        4
 Passage of Golubria      Tloc           0%         N/A       100%        4
 Yara's Violent Unravell  Hex/Tmut       0%         3d3       100%        5
 Eringya's Noxious Bog    Tmut/Pois      0%         N/A       100%        6
 Storm Form               Tmut/Air       0%         N/A       100%        7


Dungeon Overview and Level Annotations

Branches:
Dungeon (10/15)            Temple (1/1) D:6            Lair (1/5) D:8
  Sewer (visited)         Ossuary (visited)          Bailey (visited)
    Orc: D:9-12

Altars:
Ashenzari
Cheibriados
Elyvilon
Gozag
Hepliaklqana
Nemelex Xobeh
Okawaru
Ru
Sif Muna
Trog
Uskayaw
Vehumet
Wu Jian
The Shining One

Annotations:
D:9 JerBear56's ghost, journeyman GnFi; Joseph


Innate Abilities, Weirdness & Mutations

You are too large for most types of armour.
You have claws for hands.
Your natural rate of healing is unusually fast.
You are covered in fur. (AC +1)
You have tough skin. (AC +1)


Message History

Aim: a seven-headed hydra (moderately wounded, covered in acid, 90% to hit)
The bolt of acid hits the seven-headed hydra!
The seven-headed hydra is heavily wounded.
The blink frog blinks!
The seven-headed hydra bites you! x2
* * * LOW HITPOINT WARNING * * *
You block the seven-headed hydra's attack.
The seven-headed hydra bites you.
* * * LOW HITPOINT WARNING * * *
The seven-headed hydra barely misses you.
The seven-headed hydra bites you!
* * * LOW HITPOINT WARNING * * *
You block the seven-headed hydra's attack.
Aiming: Corrosive Bolt
Press: ? - help, Shift-Dir - straight line, f/p - seven-headed hydra
Aim: a seven-headed hydra (heavily wounded, covered in acid, 90% to hit)
The bolt of acid hits the seven-headed hydra!
The seven-headed hydra seems to be corroded for longer.
The seven-headed hydra is severely wounded.
The bolt of acid misses the blink frog.
The bolt of acid hits the blink frog!
The acid corrodes the blink frog!
The blink frog is moderately wounded.
The blink frog blinks!
You block the seven-headed hydra's attack.
The seven-headed hydra bites you.
* * * LOW HITPOINT WARNING * * *
The seven-headed hydra barely misses you.
The seven-headed hydra closely misses you.
The seven-headed hydra bites you!
* * * LOW HITPOINT WARNING * * *
The seven-headed hydra bites you but does no damage.
You block the seven-headed hydra's attack.
Aiming: Corrosive Bolt
Press: ? - help, Shift-Dir - straight line, f/p - seven-headed hydra
Aim: a seven-headed hydra (severely wounded, covered in acid, 90% to hit)
The bolt of acid hits the seven-headed hydra!
The seven-headed hydra seems to be corroded for longer.
The seven-headed hydra is severely wounded.
The bolt of acid misses the blink frog.
The blink frog blinks! x2
The seven-headed hydra bites you!
You die...

.. #... ....#
....#... ....##
.....#... ....F#
......##.#####......
..........F.........
..♣.♣.♣...........
............F...§...
....♣.♣.♣...@D.§....
................##..
..)..♣.♣..+##..+
................#
.........<...#....
.....#.......# .#..
.....#.......# #...
.... #.......# ..
... .........+


You could see a seven-headed hydra (corroded) and 3 blink frogs.

Vanquished Creatures
  Psyche (D:8)
  A hornet (D:9)
  Grinder (D:3)
  3 wyverns
  3 wargs (D:8)
  2 water moccasins
  A sky beast (D:7)
  An ice beast (D:6)
  10 orc warriors
  5 black bears
  A phantom (D:5)
  5 elf zombies (Ossuary)
  2 kobold brigands
  3 necrophages
  3 bullfrogs (D:7)
  A gnoll sergeant (D:8)
  6 scorpions
  4 wights (D:8)
  4 hounds
  4 centaur zombies (Ossuary)
  2 jellies
  3 human zombies (Ossuary)
  9 iguanas
  5 orc priests
  Jessica (D:3)
  Terence (D:3)
  A merfolk siren (Sewer)
  5 orc wizards
  A merfolk avatar (Sewer)
  3 mummies (Ossuary)
  7 gnolls
  11 adders
  3 river rats
  A shadow imp (D:5)
  3 white imps
  An ufetubus (D:7)
  2 worms
  19 orcs
  A bat (D:1)
  3 endoplasms
  5 giant cockroaches
  3 goblins
  7 hobgoblins
  5 quokkas
  13 ball pythons
  5 frilled lizards
  24 kobolds
  23 rats
228 creatures vanquished.

Notes
Turn   | Place    | Note
-------+----------+-------------------------------------------
     0 | D:1      | Zeldest the Troll Fighter began the quest for the Orb.
     0 | D:1      | Reached XP level 1. HP: 22/22 MP: 0/0
   652 | D:1      | Reached XP level 2. HP: 28/29 MP: 1/1
   801 | D:3      | Found a glowing drain.
   818 | D:3      | Reached XP level 3. HP: 14/36 MP: 2/2
   839 | D:3      | Reached skill level 3 in Unarmed Combat
   857 | Sewer    | Entered a sewer
   980 | Sewer    | Noticed a sickly merfolk siren
   990 | Sewer    | Reached XP level 4. HP: 44/44 MP: 3/3
  1099 | Sewer    | Noticed a malarious merfolk avatar
  1112 | Sewer    | Killed a malarious merfolk avatar
  1113 | Sewer    | Reached skill level 4 in Unarmed Combat
  1113 | Sewer    | Reached XP level 5. HP: 48/53 MP: 4/4
  1366 | D:3      | Noticed Jessica
  1373 | D:3      | Killed Jessica
  1414 | D:3      | Noticed Terence
  1431 | D:3      | Killed Terence
  1432 | D:3      | Reached skill level 1 in Throwing
  1575 | D:3      | Noticed Grinder
  1585 | D:3      | Reached XP level 6. HP: 44/61 MP: 5/5
  1596 | D:3      | Paralysed by Grinder for 3 turns
  1602 | D:3      | Killed Grinder
  1603 | D:3      | Reached skill level 5 in Unarmed Combat
  1671 | D:3      | Found a faded altar of an unknown god.
  1814 | D:4      | Reached XP level 7. HP: 68/68 MP: 6/6
  2143 | D:4      | Reached skill level 6 in Unarmed Combat
  2439 | D:5      | Entered Level 5 of the Dungeon
  2649 | D:5      | Found a sand-covered staircase.
  2658 | Ossuary  | Entered an ossuary
  2715 | Ossuary  | Reached XP level 8. HP: 73/79 MP: 7/7
  2732 | Ossuary  | Reached skill level 7 in Unarmed Combat
  2826 | Ossuary  | Reached skill level 5 in Fighting
  3030 | D:5      | Reached skill level 8 in Unarmed Combat
  3229 | D:5      | Found a hazy altar of Hepliaklqana.
  3403 | D:5      | Reached XP level 9. HP: 86/88 MP: 8/8
  3641 | D:6      | Reached skill level 9 in Unarmed Combat
  3673 | D:6      | Reached skill level 5 in Throwing
  3817 | D:6      | Found a staircase to the Ecumenical Temple.
  3827 | Temple   | Entered the Ecumenical Temple
  3859 | D:6      | Got the Handbook of Toxins and the Birds
  3889 | D:6      | Identified the +2 dagger "Dalacowki" {vorpal, Str+4}
  4392 | D:7      | Found a bloodstained altar of Trog.
  5112 | D:8      | Found a flagged portal.
  5133 | Bailey   | Entered a bailey
  5155 | Bailey   | Reached skill level 10 in Unarmed Combat
  5555 | Bailey   | Reached XP level 10. HP: 50/100 MP: 9/9
  5820 | D:8      | Noticed Psyche
  5827 | D:8      | Killed Psyche
  6000 | D:8      | Found a staircase to the Lair.
  6023 | D:8      | Reached skill level 11 in Unarmed Combat
  6175 | D:8      | Found a sacrificial altar of Ru.
  6310 | D:8      | You fall into a shaft and drop 2 floors!
  6310 | D:10     | Entered Level 10 of the Dungeon
  6392 | D:9      | Noticed JerBear56's ghost (journeyman GnFi)
  6392 | D:9      | Noticed a two-headed ogre
  6488 | D:9      | Found a broken altar of Ashenzari.
  6506 | D:9      | Noticed Joseph
  6648 | Lair:1   | Entered Level 1 of the Lair of Beasts
  6654 | Lair:1   | Noticed a seven-headed hydra
  6662 | Lair:1   | Slain by a seven-headed hydra

Illustrated notes

Levels and vault maps discovered:
D:1:      lightli_iron_boxes, layout_basic, kennysheep_crisscross
D:2:      layout_rooms, serial_shops, nicolae_shop_advertising_works
          [nicolae_subvault_shop_adworks], nicolae_shop_hallway_stairs, shop,
          shop
D:3:      layout_rooms, shapermc_ecumenical_altar_gd, portal_sewer_entry_a,
          uniq_terence, uniq_jessica, uniq_grinder
D:4:      layout_loops_ring
D:5:      layout_loops_cross, nicolae_overflow_crystal_walls,
          nicolae_ossuary_entry_ruins, serial_bayou_pond_e, skrybe_limestone_x
D:6:      layout_cave_pods, minmay_temple_entry_statues_pillars
D:7:      layout_basic, mainiacjoe_overflow_surrounded_room
D:8:      layout_rooms, nicolae_ru_path_of_blood, erik_lair_orcish_takeover,
          enter_bailey_2, uniq_psyche
D:9:      layout_basic, mainiacjoe_overflow_concentric_impassable,
          mainiacjoe_overflow_alcove_4, grunt_temple_overflow_open,
          gammafunk_ghost_smash, serial_bayou_crossing, uniq_harold,
          uniq_joseph, uniq_erica
D:10:     kennysheep_steamy, layout_rooms, david_orc_2, chequers_garden,
          minmay_unpleasant_kobolds, uniq_fannar
Temple:   nicolae_temple_two_arcs
Lair:1:   layout_regular_city, serial_forest, infiniplex_forest_clump_long,
          infiniplex_forest_end_3, infiniplex_forest_join,
          infiniplex_forest_lined_corner, st_stairs_9, lemuel_fruit_tree

Skill      XL: |  1  2  3  4  5  6  7  8  9 10 |
---------------+-------------------------------+-----
Shields        | 3 |  3.5
Unarmed Combat | 3 4 5 6 8 10 11 | 11.6
Fighting       | 3 4 5 6 7 |  7.2
Throwing       | 1 2 3 4 6 |  6.9
Dodging        | |  2.4

Action                   |  1- 3 |  4- 6 |  7- 9 | 10-12 || total
-------------------------+-------+-------+-------+-------++-------
Melee: Unarmed           |   109 |   145 |   381 |   103 ||   738
Throw: Boomerang         |       |       |    14 |     2 ||    16
Evoke: Wand              |       |       |     6 |     9 ||    15
 Stab: Sleeping          |       |     1 |       |       ||     1
Armor: Robe              |    26 |    42 |   123 |    13 ||   204
Dodge: Dodged            |    33 |    42 |   130 |    51 ||   256
Block: Kite shield       |    35 |    49 |   120 |    40 ||   244
       Reflection        |       |       |       |     4 ||     4
